[Event "4NCL 2023-2024"]
[Site "Daventry"]
[Date "2024.05.05"]
[Round "10.11"]
[White "Gallana, Marco"]
[Black "Alsina Leal, Daniel"]
[Result "1/2-1/2"]
[ECO "E24"]
[WhiteElo "2260"]
[BlackElo "2510"]
[Annotator "TA"]
[PlyCount "109"]
[EventDate "2023.11.11"]
[EventType "team-tourn"]
[EventCountry "ENG"]
[SourceTitle "playchess.com"]
[Source "ChessBase"]
[SourceQuality "1"]
[TimeControl "40/6000+30:3000+30"]

1. d4 Nf6 2. c4 e6 3. Nc3 Bb4 4. a3 Bxc3+ 5. bxc3 Nc6 6. f3 {[%emt 0:00:41] E24: Nimzo-Indian: Sämisch: Unusual Black 5th moves and 5...c5 sidelines.} b6 7. e4 Na5 8. Bd3 Ba6 9. Qe2 c5 10. d5 {[%emt 0:11:27] 10.Nh3 is the modern continuation.} exd5 $146 ({Predecessor:} 10... d6 11. f4 O-O 12. Nf3 exd5 13. cxd5 Bxd3 14. Qxd3 Re8 15. O-O Nxe4 16. Ng5 c4 {0-1 Corrales Jimenez,F (2537)-Vokhidov,S (2536) Titled Tuesday intern op 15th Feb Early blitz 2022 (9)}) 11. cxd5 Bxd3 12. Qxd3 c4 13. Qc2 Nb3 14. Ra2 Nc5 15. Nh3 Nd3+ 16. Kf1 O-O 17. Nf2 Nxc1 18. Qxc1 d6 19. g4 Nd7 20. Kg2 Rc8 21. Qe3 Re8 22. Qd4 Ne5 23. Rf1 ({White should play} 23. h4 $11) 23... Qh4 (23... h5 $1 $15) 24. Nh1 $11 Nd3 25. Ng3 g6 26. Kh1 Nf4 27. Rg1 Re5 28. a4 Nh3 29. Rf1 Nf4 30. Rg1 Qe7 31. Qd2 Qf6 32. Nf5 Nd3 33. Qh6 Rd8 34. Rg3 (34. g5 $5 Qh8 $8 35. Nd4 $14) 34... Rxf5 (34... Ree8 $11) 35. gxf5 $16 Qxc3 36. fxg6 (36. h4 $1 $16) 36... fxg6 37. Rag2 Ne5 $2 (37... Qe1+ $11 {and Black stays safe.} 38. Rg1 Nf2+ 39. Kg2 Qe2 40. Rxg6+ hxg6 41. Qxg6+ Kf8 42. Qf6+ Ke8 43. Qe6+ Kf8) 38. h4 $1 $18 Rf8 {[%emt 0:00:24] [#]} 39. h5 $1 (39. Rf2 Rf7 $11 (39... Rxf3 $2 40. Rgxf3 Nxf3 41. Qf4 $18)) 39... Rf6 (39... Rxf3 40. hxg6 Rf1+ 41. Kh2 Nf3+ 42. Rxf3 Qe5+ 43. Rfg3 hxg6 44. Kh3 (44. Qxg6+ Kf8 $18) 44... Rh1+ 45. Rh2 Rxh2+ 46. Kxh2 $18) 40. hxg6 Rxg6 {[%emt 0:00:29] [#]} 41. Kh2 $1 Rxg3 42. Rxg3+ Ng6 43. Qg5 Kf7 44. Qf5+ (44. Rh3 $18 Nf8 45. Qf4+ Kg7 46. Kg3 (46. Qxd6 Qd2+ 47. Kg3 Qg5+ 48. Kf2 Qd2+ 49. Kf1 Qd3+ 50. Kf2 Qd2+ 51. Kg3 Qg5+ 52. Kh2 Qd2+ 53. Kg3 $11)) 44... Qf6 $16 45. Rh3 (45. Qh3 $16 Nf8 46. Qh5+ Ke7 47. Qg5) 45... Qxf5 $11 46. exf5 Ne7 $1 47. Rxh7+ Kf6 48. Rh6+ Kxf5 49. Rxd6 c3 50. Rd7 c2 $1 51. Rc7 $1 (51. Rxe7 $2 c1=Q (51... c1=R 52. Rxa7 Rd1 53. Kg3 $11) 52. Rf7+ Ke5 53. Rxa7 Qh6+ (53... Kxd5 $2 54. Rd7+ Kc6 55. Ra7 $19) 54. Kg3 Kxd5 55. Rd7+ Kc5 $19) 51... Nxd5 52. Rxc2 (52. Rxa7 c1=Q (52... c1=B 53. a5 $14) 53. Rf7+ Ke5 54. Ra7 Qg5 55. Ra8 Nf4 56. Re8+ Kd6 (56... Kd5 {is a self mate.} 57. Rd8+ Qxd8 58. Kg3 Qg5+ 59. Kf2 Qg2+ 60. Ke3 Ke5 61. a5 Qe2#) (56... Kd5 57. Rd8+ Qxd8 58. Kg3 Qg5+ 59. Kf2 Qg2+ 60. Ke3 Ke5 61. a5 Qe2#)) 52... Kf4 53. Rd2 Ne3 54. Rd7 Kxf3 55. Rxa7 1/2-1/2

[Event "4NCL 2023-2024"]
[Site "Daventry"]
[Date "2024.05.05"]
[Round "10.12"]
[White "Camacho Collados, Jose"]
[Black "Pein, Jonathan"]
[Result "0-1"]
[ECO "A46"]
[WhiteElo "2366"]
[BlackElo "2272"]
[Annotator "TA"]
[PlyCount "224"]
[EventDate "2023.11.11"]
[EventType "team-tourn"]
[EventCountry "ENG"]
[SourceTitle "playchess.com"]
[Source "ChessBase"]
[SourceQuality "1"]
[TimeControl "40/6000+30:3000+30"]

1. d4 Nf6 2. Nf3 b6 3. Bg5 Bb7 4. Nbd2 e6 5. c3 Be7 6. e3 h6 7. Bh4 c5 8. Bd3 g5 9. Bg3 g4 10. Nh4 Rg8 {[%emt 0:01:02] The position is equal.} 11. Qc2 cxd4 12. exd4 Nd5 13. Ng6 fxg6 14. Bxg6+ Kf8 15. h3 $1 Bh4 16. Bd6+ Be7 17. Bg3 Nb4 18. cxb4 Bxg2 19. Be4 Bxh1 $17 20. Bxh1 Nc6 21. Qh7 Rg7 (21... gxh3 $6 22. Qxh6+ Kf7 23. Qh5+ Kf8 24. Qf3+ Ke8 25. d5 Nxb4 26. Qh5+ Kf8 27. Nc4 $11) 22. Qh8+ (22. Qxh6 $17 Kg8 23. Bxc6) 22... Kf7 $19 23. Qxh6 Bxb4 $2 (23... d5 $1 $19 24. hxg4 Qh8 (24... Nxb4 25. Nf3 $11) (24... Nxd4 25. Qf4+ Bf6 26. Nf3 $17) (24... Bxb4 25. Bh4 $15) (24... Rxg4 25. Bf3 $11) 25. Qf4+ Kg8) 24. d5 $14 Nd4 25. Be5 $1 (25. Qf4+ Qf6 26. dxe6+ (26. hxg4 $2 Qxf4 27. Bxf4 Rxg4 $19) 26... dxe6 27. Qxf6+ Kxf6 28. Bxa8 Nc2+ (28... gxh3 $2 29. Rd1 $18) 29. Kd1 Nxa1 30. hxg4 Rxg4 $11) 25... Nf5 (25... Qg5 $6 26. Qxg7+ Qxg7 27. dxe6+ dxe6 28. Bxg7 Nc2+ 29. Kd1 $16) 26. Qh5+ (26. Qf4 $1 $14 Bxd2+ 27. Qxd2 gxh3 28. Bxg7 (28. dxe6+ $2 dxe6 29. Bxg7 Qxd2+ 30. Kxd2 Rd8+ 31. Ke1 Rg8 $17) 28... Kxg7 29. dxe6) 26... Rg6 $11 27. hxg4 (27. dxe6+ $11 {remains equal.} dxe6 28. Rd1) 27... Ng7 $1 $36 {[%emt 0:00:18][%mdl 2048] Black is really pushing. Chess con chili.} 28. Qh3 (28. Qh2 $17 Qg5 29. dxe6+ Rxe6 30. f4 Rxe5+ 31. fxe5) 28... Qg5 $1 $19 29. Bc3 Bxc3 (29... Qxg4 $2 30. Qxg4 Rxg4 31. dxe6+ dxe6 32. Bxa8 $18) 30. Qxc3 (30. bxc3 {was worth a try.} exd5 (30... Qxg4 $2 31. Qxg4 Rxg4 32. dxe6+ Kf6 33. Bxa8 $18) 31. O-O-O) 30... Qxg4 31. Bf3 Qf4 (31... Qg1+ $19 {is more deadly.} 32. Nf1 Rf8) 32. O-O-O $17 Rf8 33. Kb1 Kg8 34. Rh1 (34. Be4 $17 {might work better.} Rg4 35. f3) 34... Rh6 $19 35. Rg1 e5 36. a3 Rh2 $2 (36... Qd4 $19 {...Qxc3 would now be deadly.} 37. Qc1 Rh2 (37... Qxf2 38. d6 $17) 38. Rxg7+ Kxg7 39. Qg1+ Kf7 (39... Kf6 40. Ne4+ Kf7 41. Qxh2 $11) 40. Qxh2 Qxd2 41. Qh5+ Kf6) 37. d6 $15 Kh8 (37... Rxf2 38. Bd5+ Kh7 39. Ka2 $11) (37... Qd4 $15 {feels stronger.} 38. Qb3+ Kh8) 38. Rg4 $2 (38. Bd5 $11) 38... Qf5+ $19 39. Ka1 Rh3 (39... Rxf2 40. Rh4+ Kg8 41. Be4 $16 (41. Bd5+ Ne6 $11)) 40. Rg1 Rxf3 41. Nxf3 Qxf3 42. Qxe5 Qf6 (42... Qxf2 43. Qxg7#) 43. Qd5 {[%emt 0:00:57] Rh1+ would kill now.} Qe6 (43... Qxf2 44. Rh1+) 44. Qg5 Qf6 45. Qd5 {[%emt 0:00:29] White wants to mate with Rh1+.} Nf5 (45... Qxf2 46. Rh1+) 46. Rh1+ Nh6 47. Qd2 Kg7 (47... Qxf2 48. Qxh6+ Kg8 49. Qh7#) 48. Rg1+ Kh7 49. Qd3+ Qf5 50. Qd4 Rf6 ({And not} 50... Qxf2 51. Qg7#) 51. Re1 Re6 {[%emt 0:03:11] Wards off Re5} (51... Qxf2 52. Re7+ Kg6 53. Qxf2 Rxf2 54. Rxd7 $11) 52. Rc1 Qf6 53. Qd3+ Qg6 54. Qa6 Rxd6 55. Qxa7 Qf6 56. Qc7 Rd2 57. Rc3 Qxf2 (57... Rxf2 58. Qxd7+ Qf7 59. Qd3+ Qg6 60. Qh3 $19 (60. Rc7+ Rf7 $15)) 58. Rb3 (58. Qc4 $142) 58... Qf1+ 59. Ka2 b5 60. Qc5 Qf7 {[%emt 0:02:13] Prevents Qe7.} 61. Qxb5 Nf5 62. Qf1 Qd5 63. Qf3 Qxf3 64. Rxf3 {[%emt 0:00:01][%mdl 4096] Endgame. KRN-KR} Kg6 65. a4 Kf6 66. a5 Ke6 67. a6 Rc2 $2 (67... Rh2 $19 {Hoping for ...Nd4.} 68. Rc3 Rh8) 68. Rc3 $1 $11 Rh2 (68... Rg2 $5 69. Rc8 $8 Rg4 $11) 69. Rc8 {[%emt 0:04:35] Strongly threatening a7.} Rh4 70. b3 {[%emt 0:08:24] Prevents Ra4+} Rh2+ 71. Kb1 Rh1+ 72. Kb2 Rh2+ 73. Kb1 {[%emt 0:01:30] And now a7 would win.} Rh1+ 74. Kb2 {[%emt 0:00:14] Black must now prevent a7.} Rh2+ 75. Ka3 {[%emt 0:03:16] aiming for a7.} Rh1 (75... Nd4 $5) 76. Ra8 $2 {[%emt 0:00:31][%mdl 8192] Black converts the advantage convincingly.} (76. Kb2 $11 {and White is okay.} Rh2+) 76... Nd4 $19 77. a7 {[%emt 0:01:56] [#] Threatens to win with Re8+.} Kd6 $1 {[%emt 0:00:28] ...Nc6 is the strong threat.} 78. Kb4 $2 (78. Kb2 Nb5 79. Ka2) 78... Ra1 {[%emt 0:00:23][%cal Oa1a7] ( -> ...Rxa7!)} 79. Kc4 Nc6 80. b4 (80. Rf8 $19 Rxa7 (80... Nxa7 $2 81. Rf2 $19) 81. Rg8) 80... Rxa7 {[%emt 0:00:38] Black mates.} 81. Rh8 Ra4 82. Rh6+ Kc7 83. Kc5 Ra1 ({Inferior is} 83... Rxb4 84. Rxc6+ dxc6 85. Kxb4 $11) 84. b5 Rc1+ 85. Kd5 Ne7+ 86. Ke4 Nc8 87. Kd5 Nb6+ 88. Kd4 Rc4+ 89. Kd3 Rc5 90. Rh1 Rxb5 91. Rc1+ Kd6 92. Kd4 Rb4+ 93. Kd3 Nd5 94. Ra1 Rh4 95. Ra7 Nb4+ 96. Ke3 Nc6 97. Ra8 Kd5 98. Ra1 Ke5 99. Rg1 Rh3+ 100. Kd2 d5 101. Rg5+ Kd4 102. Rg4+ {[%emt 0:00:03] [#]} Kc5 $1 103. Rg8 Ne5 104. Rf8 d4 105. Rd8 Rh2+ 106. Kd1 Kc4 107. Ra8 Kd3 108. Ra3+ Ke4 109. Rg3 Nf3 110. Kc1 Rh1+ 111. Kb2 d3 112. Rg8 d2 {[%emt 0:01:35] Weighted Error Value: White=0.29 (precise) /Black=0.26 (precise) .  Loses game:     	White=2     	---        Missed win:     	---       	Black=2      Mistake:       	White=10    	Black=3      Inaccurate:     	---       	Black=3      OK:         	White=25    	Black=35     Best:        	White=6     	Black=12     Strong:       	White=3     	Black=2} 0-1

[Event "4NCL 2023-2024"]
[Site "Daventry"]
[Date "2024.05.05"]
[Round "10.13"]
[White "Hoffmann, Hendrik"]
[Black "Palliser, Richard J D"]
[Result "1/2-1/2"]
[ECO "B22"]
[WhiteElo "2231"]
[BlackElo "2377"]
[Annotator "TA"]
[PlyCount "24"]
[EventDate "2023.11.11"]
[EventType "team-tourn"]
[EventCountry "ENG"]
[SourceTitle "playchess.com"]
[Source "ChessBase"]
[SourceQuality "1"]
[TimeControl "40/6000+30:3000+30"]

1. e4 c5 2. Nf3 Nc6 3. c3 d5 4. exd5 Qxd5 5. d4 Bg4 6. Be2 cxd4 7. cxd4 e6 8. O-O Nf6 9. Nc3 Qa5 10. Be3 Bd6 {[%emt 0:00:00] The position is equal.} 11. h3 Bh5 12. Qb3 Qb4 {[%emt 0:00:00] An uneventful encounter.   Weighted Error Value: White=0.00 (flawless) /Black=0.00 (flawless) .  OK:         	White=1     	Black=1} 1/2-1/2

[Event "4NCL 2023-2024"]
[Site "Daventry"]
[Date "2024.05.05"]
[Round "10.14"]
[White "Wall, Tim P"]
[Black "Maciol, Ryszard"]
[Result "1/2-1/2"]
[ECO "C02"]
[WhiteElo "2203"]
[BlackElo "2127"]
[Annotator "RC"]
[PlyCount "45"]
[EventDate "2023.11.11"]
[EventType "team-tourn"]
[EventCountry "ENG"]
[SourceTitle "playchess.com"]
[Source "ChessBase"]
[SourceQuality "1"]
[TimeControl "40/6000+30:3000+30"]

1. e4 e6 2. d4 d5 3. e5 c5 4. c3 Qb6 5. Nf3 Nc6 6. Bd3 Nh6 7. O-O cxd4 8. Bxh6 gxh6 9. cxd4 Qxb2 10. Nbd2 Bg7 11. Qe2 O-O 12. Rfb1 Qa3 13. Nf1 Qe7 14. Bc2 f5 15. Ba4 Qc7 16. Bxc6 bxc6 17. Rc1 Rb8 18. Ng3 Rb6 19. Nh5 f4 20. Rc3 Qf7 21. Nxg7 Qxg7 22. Rac1 Bd7 23. Ne1 1/2-1/2

[Event "4NCL 2023-2024"]
[Site "Daventry"]
[Date "2024.05.05"]
[Round "10.15"]
[White "Duessler, Stefanie"]
[Black "Weller, Jean-Luc"]
[Result "0-1"]
[ECO "C06"]
[WhiteElo "2079"]
[BlackElo "2211"]
[Annotator "RC"]
[PlyCount "70"]
[EventDate "2023.11.11"]
[EventType "team-tourn"]
[EventCountry "ENG"]
[SourceTitle "playchess.com"]
[Source "ChessBase"]
[SourceQuality "1"]
[TimeControl "40/6000+30:3000+30"]

1. e4 e6 2. d4 d5 3. Nd2 Nf6 4. e5 Nfd7 5. Bd3 c5 6. c3 Nc6 7. Ne2 cxd4 8. cxd4 f6 9. exf6 Nxf6 10. Nf3 Bd6 11. O-O O-O 12. Bf4 Bxf4 13. Nxf4 Ne4 14. Qc1 h6 15. Qe3 Qf6 16. Ne2 Nd6 17. Rac1 Bd7 18. Ne5 Be8 19. Ng3 Rd8 20. Bb1 Nb5 21. Qd3 Nxe5 22. dxe5 Qxe5 23. Qh7+ Kf7 24. Rce1 Qf6 25. f4 Ke7 26. Re5 Kd6 27. Rfe1 Kc7 28. Rxe6 Qd4+ 29. Kh1 Kb8 30. Re7 Bc6 31. Bd3 Nd6 32. Rxg7 Rh8 33. Qg6 Be8 34. Qe6 Qxg7 35. f5 Rf8 0-1

[Event "4NCL 2023-2024"]
[Site "Daventry"]
[Date "2024.05.05"]
[Round "10.16"]
[White "Navrotescu, Andreea"]
[Black "Franco, Gaston"]
[Result "1-0"]
[ECO "D36"]
[WhiteElo "2222"]
[BlackElo "2061"]
[Annotator "RC"]
[PlyCount "73"]
[EventDate "2023.11.11"]
[EventType "team-tourn"]
[EventCountry "ENG"]
[SourceTitle "playchess.com"]
[Source "ChessBase"]
[SourceQuality "1"]
[TimeControl "40/6000+30:3000+30"]

1. d4 d5 2. c4 e6 3. Nc3 Nf6 4. cxd5 exd5 5. Bg5 Be7 6. e3 O-O 7. Bd3 Nbd7 8. Qc2 c6 9. Nge2 Re8 10. f3 Nf8 11. O-O g6 12. Rae1 Ne6 13. Bh4 Nh5 14. Bf2 f5 15. e4 Nef4 16. exd5 cxd5 17. Nxf4 Nxf4 18. Bg3 Nxd3 19. Qxd3 b6 20. Be5 a5 21. Rf2 Ba6 22. Qd1 Rc8 23. f4 Qd7 24. Qf3 Red8 25. Qg3 Rc6 26. Rf3 Rdc8 27. Rfe3 Re6 28. Qf3 Bb7 29. g4 Rf8 30. R1e2 Bd6 31. Bxd6 Rxe3 32. Qxe3 Qxd6 33. g5 Kf7 34. Nb5 Qd7 35. Qe5 Qxb5 36. Qc7+ Kg8 37. Re7 1-0

[Event "4NCL 2023-2024"]
[Site "Daventry"]
[Date "2024.05.05"]
[Round "10.17"]
[White "Royal, Shreyas"]
[Black "Williams, Simon K"]
[Result "1-0"]
[ECO "A40"]
[WhiteElo "2464"]
[BlackElo "2467"]
[Annotator "TA"]
[PlyCount "77"]
[EventDate "2023.11.11"]
[EventType "team-tourn"]
[EventCountry "ENG"]
[SourceTitle "playchess.com"]
[Source "ChessBase"]
[SourceQuality "1"]
[TimeControl "40/6000+30:3000+30"]

1. d4 e6 2. c4 b6 3. Nf3 Bb7 4. g3 g6 5. Bg5 f6 6. Bd2 e5 7. dxe5 $16 fxe5 8. Bg2 {[%emt 0:00:26] White is better.} Bg7 9. Nc3 Nf6 10. O-O d6 {[%emt 0:24:57] [#]} 11. Nd5 $1 c6 12. Nxf6+ Qxf6 13. Bb4 ({White should try} 13. Ng5 $16) 13... Na6 $14 14. Qxd6 {[%emt 0:05:06] Rad1 is the strong threat.} (14. Bxd6 $2 Rd8 15. Bxe5 (15. c5 $2 Nxc5 16. b4 Ne4 $19) 15... Rxd1 16. Raxd1 Qf7 $19 (16... Qe7 17. Bd6 $15)) 14... Nxb4 15. Qxb4 c5 $1 16. Qa4+ Bc6 17. Qc2 e4 18. Nd2 O-O-O 19. Nxe4 (19. Bxe4 $2 Rxd2 (19... Qxb2 20. Qxb2 Bxb2 21. Rad1 $16) 20. Qxd2 Bxe4 $19) 19... Qxb2 20. Qxb2 Bxb2 {[%emt 0:00:06] This pair of bishops is nice.} 21. Rab1 Bg7 22. Rfd1 (22. Ng5 $6 Bxg2 23. Kxg2 Rd2 $11) 22... Ba4 23. Rxd8+ Kxd8 24. Ng5 Ke7 {[%emt 0:00:27] Dodges Nf7} 25. Bd5 {[%emt 0:00:05] White is more active.} Bd7 {[%emt 0:02:04] This costs Black the game.} (25... h6 $14 26. Ne6 Be5) 26. Rb3 $18 {[%emt 0:00:28] Black must now prevent Re3+.} Bd4 {[%emt 0:02:03] [#]} 27. Rf3 $1 Be8 28. Ra3 a5 {[%emt 0:02:54][%cal Ba7a5,Ba5a4][%mdl 32] [#]} 29. Rb3 $1 b5 30. cxb5 a4 31. Rb1 Bd7 32. Ne4 Rb8 33. e3 Bg7 34. b6 (34. Nxc5 Rxb5 35. Rxb5 Bxb5 $18) 34... Bf5 35. b7 c4 36. Rb4 {[%emt 0:02:20] White is clearly winning.} c3 37. Rc4 Kd7 (37... Be6 $142 38. Bxe6 (38. Nxc3 Bxc3 39. Re4 Kd6 $18) 38... Kxe6) 38. Nxc3 Bd3 39. Rc8 {[%emt 0:00:04] Weighted Error Value: White=0.07 (flawless) /Black=0.27 (precise) .  Mistake:       	White=1     	Black=3      Inaccurate:     	---       	Black=1      OK:         	White=21    	Black=12     Best:        	White=2     	Black=2      Strong:       	White=1     	Black=1} 1-0

[Event "4NCL 2023-2024"]
[Site "Daventry"]
[Date "2024.05.05"]
[Round "10.18"]
[White "Clarke, Brandon G I"]
[Black "Bazakutsa, Svyatoslav"]
[Result "1/2-1/2"]
[ECO "B33"]
[WhiteElo "2505"]
[BlackElo "2473"]
[Annotator "TA"]
[PlyCount "61"]
[EventDate "2023.11.11"]
[EventType "team-tourn"]
[EventCountry "ENG"]
[SourceTitle "playchess.com"]
[Source "ChessBase"]
[SourceQuality "1"]
[TimeControl "40/6000+30:3000+30"]

1. e4 c5 2. Nf3 Nc6 3. d4 cxd4 4. Nxd4 Nf6 5. Nc3 e5 6. Ndb5 d6 7. Bg5 a6 8. Na3 b5 9. Nd5 Be7 10. Bxf6 Bxf6 11. c3 Ne7 12. Nxf6+ gxf6 13. Nc2 Bb7 14. Bd3 d5 15. Qe2 dxe4 16. Bxe4 Bxe4 17. Qxe4 {[%emt 0:00:05] And now Rd1 would win. White is slightly better.} Qd5 18. Qxd5 Nxd5 19. g3 {[%emt 0:01:46] Wards off Nf4} f5 20. Ke2 Ke7 {[%emt 0:24:35] The position is equal.} 21. Rhd1 Rhd8 22. Rd3 Nb6 23. Rxd8 Rxd8 $11 {[%emt 0:00:10][%mdl 4096] Endgame. KRN-KRN} 24. Nb4 {[%emt 0:00:35] [#] Black must now prevent Nc6+.} Ra8 25. Rd1 Ke6 26. Kd2 a5 27. Nd3 f6 28. Nc5+ Kd5 29. Nb3 h5 30. Kc2+ Kc6 31. Nd2 {[%emt 0:08:09] Weighted Error Value: White=0.04 (flawless) /Black=0.01 (flawless) .  Inaccurate:     	White=1     	---        OK:         	White=6     	Black=7      Best:        	---       	Black=1} 1/2-1/2

[Event "4NCL 2023-2024"]
[Site "Daventry"]
[Date "2024.05.05"]
[Round "10.19"]
[White "Durak, Can"]
[Black "Pert, Richard G"]
[Result "1-0"]
[ECO "A09"]
[WhiteElo "2436"]
[BlackElo "2413"]
[Annotator "TA"]
[PlyCount "129"]
[EventDate "2023.11.11"]
[EventType "team-tourn"]
[EventCountry "ENG"]
[SourceTitle "playchess.com"]
[Source "ChessBase"]
[SourceQuality "1"]
[TimeControl "40/6000+30:3000+30"]

1. Nf3 d5 2. g3 g6 3. c4 dxc4 4. Na3 Bg7 5. Nxc4 Nf6 6. d4 O-O 7. Bg2 a5 8. Bg5 Be6 9. Nce5 c6 10. O-O Nbd7 11. Nd3 Bd5 12. Bxf6 Nxf6 13. e3 Qb6 14. Qc2 Be4 15. Nfe5 Bxg2 16. Kxg2 Rfd8 17. Rfc1 Nd7 18. Nxd7 Rxd7 19. f4 Rdd8 20. Nc5 Qc7 21. Rab1 b6 22. Na4 c5 23. Qe4 Rac8 24. b4 axb4 25. Rxb4 Qa7 (25... Rd6 $1 $17 {Threatens to win with ...Qa7.} 26. Rc2 Rcd8 (26... cxb4 27. Rxc7 Rxc7 28. Qb1 $11)) 26. Nxb6 $11 cxb4 (26... Qxa2+ 27. Rc2 Qa6 28. Rb1 $16 (28. Rxc5 $2 Qe2+ 29. Kh3 Rxc5 $19) (28. dxc5 Rxc5 29. Rbc4 Rxc4 $15)) 27. Nxc8 Qxa2+ 28. Rc2 Qb1 29. Nxe7+ Kh8 30. Qc6 (30. Nc6 $2 b3 31. Nb4 bxc2 $19) 30... b3 31. Re2 $1 h5 32. Qb7 $2 (32. f5 $11 {and White has nothing to worry.}) 32... Bf6 $2 (32... Qd3 $19 33. Re1 Qd2+ 34. Kf1 b2 (34... Qxh2 35. Qg2 $15)) 33. Nc6 $11 Qe4+ 34. Kf2 Rf8 35. Qb4 (35. h4 $11 {remains equal.}) 35... Kg7 $1 $17 36. Na5 Qh1 ({Black should play} 36... h4 $1 $17 37. Nxb3 Qh1) 37. Qe1 (37. h4 $1 $11) 37... Qxh2+ (37... Qd5 $142 {...Ra8 is the strong threat.} 38. Qb4 b2 39. Rxb2 h4 (39... Qh1 40. Qb7 $16)) 38. Kf3 $17 Qh3 39. Nxb3 {[%emt 0:00:35] [#]} h4 $1 40. Nd2 {[%emt 0:01:17] [#]} hxg3 ({Black should try} 40... g5 $1 $17 {Hoping for ...Re8.} 41. Rg2 g4+ 42. Kf2 hxg3+ 43. Kg1 Rh8) 41. Qxg3 $11 Qh5+ 42. Qg4 Qh1+ 43. Qg2 Qh5+ 44. Kf2 Rc8 45. Nf1 Rc1 46. Kg1 Qb5 47. Rd2 Bd8 48. Rc2 Ra1 49. Qh3 Qd3 (49... Bh4 $5) 50. Rf2 Bf6 51. f5 g5 52. Kh2 Re1 53. Qf3 Kf8 (53... Kg8 $11) 54. Kg2 Ra1 55. Qc6 Kg7 56. Ng3 Qd1 57. Qf3 Qg1+ (57... Qc1 $16 {keeps fighting.} 58. Rf1 (58. Nh5+ Kf8 $16) 58... Qc2+ 59. Kh3 (59. Rf2 Qc1 $16) 59... Rxf1 60. Qxf1 Bd8) 58. Kh3 $18 Kf8 $2 (58... Kh7 {was called for.} 59. Rg2 Qc1) 59. Rc2 g4+ 60. Kxg4 Ra3 (60... Qd1 $18) 61. Rc8+ Kg7 62. Kf4 Qh2 63. Qg4+ Kh6 64. Rc6 Qf2+ 65. Qf3 1-0

[Event "4NCL 2023-2024"]
[Site "Daventry"]
[Date "2024.05.05"]
[Round "10.20"]
[White "Boswell, Jacob Connor"]
[Black "Willow, Jonah B"]
[Result "0-1"]
[ECO "E62"]
[WhiteElo "2252"]
[BlackElo "2417"]
[Annotator "TA"]
[PlyCount "88"]
[EventDate "2023.11.11"]
[EventType "team-tourn"]
[EventCountry "ENG"]
[SourceTitle "playchess.com"]
[Source "ChessBase"]
[SourceQuality "1"]
[TimeControl "40/6000+30:3000+30"]

1. d4 Nf6 2. c4 g6 3. Nf3 Bg7 4. g3 O-O 5. Bg2 d6 6. O-O Nc6 7. Nc3 Bf5 8. d5 Na5 9. Nd4 Bd7 10. Qd3 c5 11. Nc2 a6 12. b3 {[%emt 0:05:43] Inhibits b5.} Rb8 13. Bg5 b5 14. h3 {[%emt 0:03:33] The position is equal.} Be8 15. Bd2 Nd7 {[%emt 0:07:07] [#] White must now prevent ...bxc4.} 16. f4 Nb6 17. cxb5 axb5 18. Rae1 ({Better is} 18. Rab1 $1 $15) 18... b4 $36 {[%emt 0:07:13][%cal Oc5c4][%mdl 2048] ...c4! would now be deadly. White is under strong pressure.} 19. Nd1 c4 20. bxc4 (20. Qe3 $17) 20... Nbxc4 $19 21. Kh2 Nxd2 22. Qxd2 Qb6 23. Rf3 (23. e4 $142) 23... Ba4 {[%emt 0:01:44] Strongly threatening ...Rfc8.} 24. Nce3 Rfc8 {[%emt 0:04:26] [#] aiming for ...b3.} 25. Ref1 (25. f5 {was worth a try.}) 25... Qd4 26. Qe1 (26. Qxd4 {was the only defense.} Bxd4 27. f5) 26... Rc1 27. f5 Nc4 28. Rf4 (28. Nxc4 $142 Rxd1 29. Qf2 Qxc4 30. Qa7) 28... Qxe3 $2 (28... Nxe3 29. Rxd4 Bxd4 30. Nxe3 Rxe1 31. Rxe1 Bxe3) 29. Nxe3 Rxe1 30. Nxc4 Rxe2 31. R1f2 Rxf2 32. Rxf2 Rc8 33. Na5 Rc2 ({Resist} 33... Bd4 34. Rf4 Bc3 35. fxg6 hxg6 36. Rf2) 34. Rxc2 Bxc2 35. fxg6 hxg6 {[%emt 0:00:29][%mdl 4096] Endgame. Threatens to win with ...Bb1. KBB-KBN} 36. Bf1 Bc3 37. Bc4 Kg7 38. Kg2 Kf6 39. Bb3 $2 (39. Kf2 {is a better chance.}) 39... Bxb3 {[%emt 0:03:16] Black is clearly winning.} 40. axb3 Ke5 41. Nc6+ Kxd5 42. Nxe7+ Ke6 43. Nc6 Kd7 44. Na5 d5 {[%emt 0:00:09] Black took control after the opening.   Weighted Error Value: White=1.03/Black=0.23 (precise) .  Mistake:       	White=7     	Black=1      Inaccurate:     	White=3     	Black=2      OK:         	White=9     	Black=10     Best:        	White=1     	Black=2} 0-1